 Dungeon Sprint DCSS version 0.18-a0-1788-g92de1ac (webtiles) character file.

559 wvc the Spear-Bearer (level 7, -3/62 HPs)
             Began as a Naga Fighter on Apr 19, 2016.
             Was an Initiate of Cheibriados.
             Slain by a troll (14 damage)
             ... in the Dungeon (Sprint IX: "|||||||||||||||||||||||||||||").
             The game lasted 00:02:10 (380 turns).

wvc the Spear-Bearer (Naga Fighter)                  Turns: 380, Time: 00:02:10

Health: -3/62      AC: 11    Str: 23    XL:     7   Next: 31%
Magic:  7/7        EV:  8    Int:  9    God:    Cheibriados [......]
Gold:   0          SH:  0    Dex: 13    Spells: 0 memorised, 6 levels left

rFire  . . .     SeeInvis +     p - +2 halberd (protect)
rCold  . . .     Gourm    .     l - +0 ring mail
rNeg   . . .     Faith    .     (shield currently unavailable)
rPois  +         Spirit   .     (no helmet)
rElec  .         Dismiss  .     (no cloak)
rCorr  .         Reflect  .     q - +0 pair of gloves
SustAt .         Harm     .     (no barding)
MR     .....     NoTele   +     (no amulet)
Stlth  +.........               (no ring)
                                s - +3 ring of strength

@: very slow, not resistant to hostile enchantments, very unstealthy
A: see invisible, deformed body, poison resistance, slowness 2, slow metabolism
1, spit poison 2, AC +2
a: Spit Poison, Bend Time, Renounce Religion


You were in the Dungeon.
You worshipped Cheibriados.
Cheibriados was noncommittal.
You were not hungry.

You visited 1 branch

Inventory:

Hand Weapons
 a - a +0 trident
 p - a +2 halberd of protection (weapon)
Armour
 c - a +0 shield
 l - a +0 ring mail (worn)
 q - a +0 pair of gloves (worn)
 r - a +0 plate armour
Jewellery
 s - a +3 ring of strength (left hand)
Wands
 o - a wand of iceblast (7/15)
Scrolls
 k - 2 scrolls of blinking
 m - 3 scrolls of remove curse
 n - 2 scrolls of amnesia
Potions
 b - a potion of invisibility
 d - a potion of might
 e - 5 potions of curing
 h - a potion of haste
 i - 4 potions of magic
 j - a potion of berserk rage
Comestibles
 f - a bread ration


   Skills:
 - Level 3.0 Fighting
 * Level 14.6 Polearms
 - Level 2.4 Armour
 - Level 2.4 Shields


You had 6 spell levels left.
You didn't know any spells.

Dungeon Overview and Level Annotations

Branches:
Dungeon (1/1)

Altars:
Cheibriados
Dithmenos
Elyvilon
Fedhas
Gozag
Kikubaaqudgha
Makhleb
Nemelex Xobeh
Okawaru
Pakellas
Qazlal
Ru
Sif Muna
Trog
Vehumet
Xom
Yredelemnul
Zin
The Shining One
Beogh
Jiyva
Lugonu


Innate Abilities, Weirdness & Mutations

You cannot wear boots.
Your serpentine skin is tough (AC +2).
You have supernaturally acute eyesight.
Armour fits poorly on your strangely shaped body.
Your system is resistant to poisons.
You cover ground very slowly.
You have a slow metabolism.
You can spit poison.


Message History

* * * LOW HITPOINT WARNING * * *
The troll claws you but does no damage.
Drink which item? (? for menu, Esc to quit)
You feel much better. The troll barely misses you.
The troll closely misses you. The troll claws you but does no damage.
You closely miss the troll. The troll closely misses you. The troll claws you!
The troll claws you.
You slash the troll!
The troll is lightly wounded.
You hit the troll.
The troll is moderately wounded.
The troll bites you!
* * * LOW HITPOINT WARNING * * *
The troll claws you.
* * * LOW HITPOINT WARNING * * *
The troll claws you but does no damage.
You closely miss the troll.
The troll is moderately wounded.
The troll bites you!
You die...

▓.▓
▓.▓
▓n▓
▓x▓
▓h▓
▓Z▓
▓T▓
▓@▓
▓=▓
▓.▓
▓[▓
▓.▓
▓)▓
▓|▓
▓.▓
▓.▓


You could see a troll, an unseen horror (invisible), a black bear, a necrophage
and a bat skeleton.

Vanquished Creatures
  An unseen horror (D)
  A crimson imp (D)
  An iguana (D)
  An ooze (D)
  An adder skeleton (D)
  An orc (D)
  A hobgoblin (D)
  A bat (D)
  A giant newt (D)
  A kobold (D)
  A rat (D)
11 creatures vanquished.

Notes
Turn   | Place    | Note
--------------------------------------------------------------
     0 | D        | wvc the Naga Fighter began the quest for the Orb.
     0 | D        | Reached XP level 1. HP: 21/21 MP: 1/1
    17 | D        | Reached skill level 3 in Polearms
   215 | D        | Noticed a crimson imp
   215 | D        | Noticed an iguana
   217 | D        | Killed an iguana
   217 | D        | Reached skill level 6 in Polearms
   217 | D        | Reached XP level 2. HP: 28/28 MP: 2/2
   217 | D        | Reached XP level 3. HP: 34/34 MP: 3/3
   235 | D        | Reached skill level 8 in Polearms
   235 | D        | Reached XP level 4. HP: 37/42 MP: 4/4
   269 | D        | Found a glowing silver altar of Zin.
   269 | D        | Found a glowing golden altar of the Shining One.
   269 | D        | Found an ancient bone altar of Kikubaaqudgha.
   269 | D        | Found a basalt altar of Yredelemnul.
   269 | D        | Found a shimmering altar of Xom.
   269 | D        | Found a radiant altar of Vehumet.
   270 | D        | Found an iron altar of Okawaru.
   271 | D        | Found a burning altar of Makhleb.
   272 | D        | Found a deep blue altar of Sif Muna.
   273 | D        | Found a bloodstained altar of Trog.
   274 | D        | Found a sparkling altar of Nemelex Xobeh.
   275 | D        | Found a white marble altar of Elyvilon.
   276 | D        | Found a roughly hewn altar of Beogh.
   277 | D        | Found a viscous altar of Jiyva.
   278 | D        | Found a corrupted altar of Lugonu.
   279 | D        | Found a blossoming altar of Fedhas.
   280 | D        | Found a snail-covered altar of Cheibriados.
   281 | D        | Found a shadowy altar of Dithmenos.
   282 | D        | Found a stormy altar of Qazlal.
   283 | D        | Found an opulent altar of Gozag.
   284 | D        | Found a sacrificial altar of Ru.
   285 | D        | Found an oddly glowing altar of Pakellas.
   288 | D        | Became a worshipper of Cheibriados the Contemplative
   358 | D        | Noticed a necrophage
   358 | D        | Noticed an unseen horror
   358 | D        | Noticed a black bear
   358 | D        | Noticed a troll
   358 | D        | Noticed an unseen horror
   367 | D        | HP: 2/42 [unseen horror (5)]
   374 | D        | Killed an unseen horror
   374 | D        | Reached skill level 14 in Polearms
   374 | D        | Reached XP level 5. HP: 3/49 MP: 5/5
   374 | D        | Reached XP level 6. HP: 4/56 MP: 6/6
   374 | D        | Reached XP level 7. HP: 4/62 MP: 7/7
   380 | D        | Slain by a troll

Vault maps used:
D:        linesprint

Skill      XL: |  1  2  3  4 |
---------------+-------------+-----
Polearms       | 6 8 14 | 14.6
Fighting       | |  3.0
Armour         | |  2.4
Shields        | |  2.4

Action                   |  1- 3 |  4- 6 |  7- 9 || total
-------------------------+-------+-------+-------++-------
Melee: Trident           |    39 |       |       ||    39
       Halberd           |       |    15 |     4 ||    19
 Abil: Spit Poison       |     1 |       |       ||     1
  Use: Potion            |       |     1 |     2 ||     3
Armor: Scale mail        |    10 |       |       ||    10
       Ring mail         |       |    12 |     3 ||    15
Dodge: Dodged            |     3 |     4 |     3 ||    10
Block: Shield            |    14 |       |       ||    14
